 Dungeon Crawl Stone Soup version 0.17-a0-2144-gd7f430c (webtiles) character file.

396 Rationalist the Skirmisher (level 6, 0/49 HPs)
             Began as a Demonspawn Berserker on Oct 24, 2015.
             Was a Priest of Trog.
             Slain by a scorpion (3 damage)
             ... on level 4 of the Dungeon.
             The game lasted 00:05:54 (3789 turns).

Rationalist the Skirmisher (Demonspawn Berserker)   Turns: 3789, Time: 00:05:54

Health: 0/49       AC:  7    Str: 17    XL:     6   Next: 52%
Magic:  0/6        EV: 10    Int:  8    God:    Trog [***...]
Gold:   138        SH: 10    Dex: 15    Spells: 0 memorised, 5 levels left

rFire  . . .     SeeInvis .     a - +0 hand axe
rCold  . . .     Clarity  .     b - +0 animal skin
rNeg   . . .     SustAt   .     s - +2 shield
rPois  .         Gourm    .     f - +2 hat
rElec  .         Spirit   +     (no cloak)
rCorr  .         Warding  .     (no gloves)
rMut   .         Rnd*Tele +     (no boots)
MR     ++...                    (no amulet)
Stlth  ++........               (no ring)
                                g - ring of teleportation (curse)

@: lethally poisoned (0 -> -3), regenerating, hasted, very quick, very resistant
to hostile enchantments, unstealthy
A: icy blue scales 2, magic shield
a: Berserk, Trog's Hand, Burn Spellbooks, Renounce Religion, Evoke Teleportation


You were on level 4 of the Dungeon.
You worshipped Trog.
Trog was most pleased with you.
You were hungry.

You visited 1 branch of the dungeon, and saw 4 of its levels.

You collected 138 gold pieces.

Inventory:

Hand Weapons
 a - a +0 hand axe (weapon)
Missiles
 h - 3 javelins (quivered)
 u - 42 bolts
 v - 67 sling bullets
 x - a tomahawk
 y - 13 poisoned needles
Armour
 b - a +0 animal skin (worn)
 f - a +2 hat (worn)
 s - a +2 shield (worn)
Rods
 w - a +0 rod of inaccuracy (14/14)
   (You found it on level 3 of the Dungeon)
Jewellery
 g - a cursed ring of teleportation (left hand)
 k - an uncursed amulet of rage {unknown}
Wands
 o - a wand of fireball (10)
 D - a wand of slowing (33)
Scrolls
 i - 2 scrolls of identify {unknown}
 m - a scroll of enchant armour {unknown}
 n - a scroll of noise {unknown}
 p - 3 scrolls of immolation {unknown}
 q - 3 scrolls of remove curse {unknown}
 z - a scroll of recharging {unknown}
 A - a scroll of magic mapping {unknown}
 E - a scroll of amnesia {unknown}
 F - 3 scrolls of teleportation {unknown}
Potions
 d - a potion of might {unknown}
 e - a potion of haste
 j - a potion of degeneration {unknown}
 l - a potion of lignification {unknown}
 t - 2 potions of curing {unknown}
 C - a potion of beneficial mutation {unknown}
Comestibles
 c - 6 bread rations
 r - a meat ration
 B - a royal jelly


   Skills:
 + Level 4.4 Fighting
 + Level 3.9 Axes
 + Level 2.0 Armour
 + Level 4.0 Dodging
 + Level 1.2 Stealth
 + Level 1.5 Shields


You had 5 spell levels left.
You didn't know any spells.

Dungeon Overview and Level Annotations

Branches:
Dungeon (4/15)
 Temple: D:4-7

Altars:
Dithmenos
Ru
Zin
The Shining One


Innate Abilities, Weirdness & Mutations

You are mostly covered in icy blue scales (AC +3, EV -1).
When hurt, damage is shared between your health and your magic reserves.


Message History

* * * LOW HITPOINT WARNING * * *
The scorpion barely misses you.
You hit the scorpion.
The scorpion is almost dead.
You feel sick. You block the scorpion's attack.
You closely miss the scorpion.
The scorpion is almost dead.
You feel sick. The scorpion stings you.
* * * LOW HITPOINT WARNING * * *
You completely miss the scorpion.
The scorpion is almost dead.
You feel sick. The scorpion stings you.
* * * LOW HITPOINT WARNING * * *
You are lethally poisoned!
The scorpion poisons you!
Drink which item? (? for menu, Esc to quit)
It was a potion of haste.
You feel yourself speed up.
* * * LOW HITPOINT WARNING * * *
You feel sick. The scorpion stings you.
You die...

#### ##..## ##....##
#......# #......#
#..s...# ##.@..##
##...# #.#.# .# #
#.#.##..# # #......#
# ##.##.## #
#####.##.########## #
#.....#.....#.....###
#................>.##


You could see a scorpion.

Vanquished Creatures
  Sigmund (D:4)
  A hound (D:4)
  An iguana (D:4)
  A hound skeleton (D:4)
  5 adders
  2 oozes
  4 worms (D:2)
  A giant gecko (D:3)
  9 orcs
  3 ball pythons
  13 bats
  7 giant cockroaches
  9 hobgoblins
  3 jackals (D:1)
  6 kobolds
  3 quokkas
  5 giant newts
  8 goblins
  9 rats
91 creatures vanquished.

Vanquished Creatures (others)
  An orc wizard (D:3)
1 creature vanquished.

Grand Total: 92 creatures vanquished

Notes
Turn   | Place    | Note
--------------------------------------------------------------
     0 | D:1      | Rationalist the Demonspawn Berserker began the quest for the Orb.
     0 | D:1      | Reached XP level 1. HP: 18/18 MP: 1/1
   570 | D:1      | Gained mutation: You are partially covered in icy blue scales (AC +1). [demonic ancestry]
   570 | D:1      | Reached XP level 2. HP: 17/24 MP: 2/2
  1035 | D:1      | Reached ** piety under Trog
  1328 | D:1      | Reached XP level 3. HP: 27/29 MP: 3/3
  1905 | D:2      | Reached XP level 4. HP: 36/36 MP: 4/4
  2136 | D:3      | Reached *** piety under Trog
  2267 | D:3      | Found a sacrificial altar of Ru.
  2368 | D:3      | Found a glowing silver altar of Zin.
  2375 | D:3      | Found a shadowy altar of Dithmenos.
  2776 | D:3      | Found a glowing golden altar of the Shining One.
  3115 | D:4      | Gained mutation: When hurt, damage is shared between your health and your magic reserves. [demonic ancestry]
  3115 | D:4      | Reached XP level 5. HP: 40/42 MP: 5/5
  3162 | D:4      | Reached skill level 4 in Fighting
  3193 | D:4      | Noticed Sigmund
  3213 | D:4      | Killed Sigmund
  3213 | D:4      | Reached skill level 1 in Stealth
  3213 | D:4      | Reached skill level 1 in Shields
  3213 | D:4      | Gained mutation: You are mostly covered in icy blue scales (AC +3, EV -1). [demonic ancestry]
  3213 | D:4      | Reached XP level 6. HP: 27/48 MP: 2/6
  3789 | D:4      | Slain by a scorpion

Vault maps used:
D:1:      dpeg_arrival_simpleton_c, nrook_mini_backslash
D:2:      first_bread
D:3:      nicolae_ru_sacrificial_ziggurat, grunt_temple_overflow_open, tso_altar
D:4:      uniq_sigmund

Action                   |  1- 3 |  4- 6 || total
-------------------------+-------+-------++-------
Melee: Hand axe          |   170 |   148 ||   318
Invok: Burn Spellbooks   |       |     1 ||     1
       Trog's Hand       |       |     3 ||     3
       Berserk           |       |     1 ||     1
  Use: Potion            |       |     1 ||     1
 Stab: Distracted        |     1 |       ||     1
       Sleeping          |     1 |       ||     1
  Eat: Chunk             |     3 |     7 ||    10
